 Dungeon Crawl Stone Soup version 0.23.0 (console) character file.

Game seed: 2985490779451479657

85 Garrluk the Chopper (level 4, 0/40 HPs)
             Began as a Deep Dwarf Berserker on Feb 11, 2019.
             Was a Believer of Trog.
             Slain by a leopard gecko (3 damage)
             ... on level 3 of the Dungeon.
             The game lasted 00:04:15 (597 turns).

Garrluk the Chopper (Deep Dwarf Berserker)           Turns: 597, Time: 00:04:15

Health: 0/40       AC:  0    Str: 22    XL:     4   Next: 25%
Magic:  3/3        EV: 12    Int:  7    God:    Trog [**....]
Gold:   42         SH:  0    Dex: 12    Spells: 3/3 levels left

rFire    . . .     SeeInvis .   a - +0 hand axe
rCold    . . .     Gourm    +   (no shield)
rNeg     . . .     Faith    .   b - +0 animal skin
rPois    .         Spirit   .   (no helmet)
rElec    .         Reflect  .   (no cloak)
rCorr    .         Harm     .   (no gloves)
MR       .....     Rnd*Tele +   (no boots)
Stlth    +.........             f - amulet of the gourmand
HPRegen  0.00/turn              h - -2 ring of protection (curse)
MPRegen  0.08/turn              d - ring of teleportation (curse)

@: non-regenerating
A: damage resistance, heal wounds, sense surroundings 1, no regeneration
a: Heal Wounds, Berserk, Trog's Hand, Renounce Religion


You were on level 3 of the Dungeon.
You worshipped Trog.
Trog was pleased with you.
You were completely stuffed.

You visited 1 branch of the dungeon, and saw 3 of its levels.

You collected 42 gold pieces.

Inventory:

Hand Weapons
 a - a +0 hand axe (weapon)
Missiles
 e - 17 stones (quivered)
Armour
 b - a +0 animal skin (worn)
Jewellery
 d - a cursed ring of teleportation (right hand)
 f - an amulet of the gourmand (around neck)
 h - a cursed -2 ring of protection (left hand)
 n - a +2 amulet of reflection
Scrolls
 g - a scroll of remove curse {unknown}
 j - 3 scrolls of enchant armour {unknown}
 k - a scroll of identify
Potions
 i - a potion of might
 l - 2 potions of flight {unknown}
Comestibles
 c - 3 rations
 m - 2 chunks of flesh


   Skills:
 - Level 2.6 Fighting
 * Level 5.6 Axes
 - Level 2.1 Armour
 - Level 2.1 Dodging


You had 3 spell levels left.
You didn't know any spells.
Your spell library was empty.

Dungeon Overview and Level Annotations

Branches:
Dungeon (3/15)

Altars:


Innate Abilities, Weirdness & Mutations

You are resistant to damage.
You can heal yourself by infusing magical energy.
You passively map a small area around you.
You do not regenerate.


Message History

You recover from your berserk rage.
The goblin closely misses you.
You hit the goblin.
The goblin is heavily wounded.
The goblin hits you.
* * * LOW HITPOINT WARNING * * *
You closely miss the goblin.
The goblin is heavily wounded.
You closely miss the leopard gecko. The leopard gecko bites you.
* * * LOW HITPOINT WARNING * * *
The goblin barely misses you.
You closely miss the leopard gecko. You hit the goblin.
You kill the goblin!
Trog accepts your kill. The leopard gecko bites you.
* * * LOW HITPOINT WARNING * * *
You hit the leopard gecko.
The leopard gecko is heavily wounded.
The leopard gecko bites you.
You die...

, , * , , ........#
,,,....%...# ........# ,
........# , ........# *
, .>......#####+######
,......l)#..........# ,
.......@+..........#
.....[.(#..........#
#######(#..........#####
, ,, ,
#.#............... ,
#.#.......##......
#(#.....[.##...... , ,
#('.......#....... , , *
###.......#รท#####.
#.......')#####. *
#.......###.....
#.......# #.....


You could see a leopard gecko.

Vanquished Creatures
  A crimson imp (D:2)
  An adder (D:3)
  A shadow imp (D:3)
  A dart slug (D:2)
  2 leopard geckos (D:2)
  An orc (D:3)
  A ball python (D:3)
  6 goblins
  6 hobgoblins
  2 quokkas
  2 bats (D:2)
  A frilled lizard (D:2)
  A kobold (D:3)
  A rat (D:2)
27 creatures vanquished.

Notes
Turn   | Place    | Note
-------+----------+-------------------------------------------
     0 | D:1      | Garrluk the Deep Dwarf Berserker began the quest for the
                  | Orb.
     0 | D:1      | Reached XP level 1. HP: 20/20 MP: 1/1
   112 | D:2      | Reached skill level 4 in Axes
   112 | D:2      | Reached XP level 2. HP: 12/27 MP: 2/2
   246 | D:2      | Noticed a crimson imp
   253 | D:2      | Killed a crimson imp
   253 | D:2      | Reached skill level 5 in Axes
   253 | D:2      | Reached XP level 3. HP: 33/33 MP: 3/3
   543 | D:3      | Reached ** piety under Trog
   543 | D:3      | Reached XP level 4. HP: 31/40 MP: 4/4
   597 | D:3      | Slain by a leopard gecko

Skill      XL: |  1  2 |
---------------+-------+-----
Axes           | 4 5 |  5.6
Fighting       | |  2.6
Armour         | |  2.1
Dodging        | |  2.1

Action                   |  1- 3 |  4- 6 || total
-------------------------+-------+-------++-------
Melee: Hand axe          |    84 |    20 ||   104
Throw: Stone             |     3 |       ||     3
Invok: Berserk           |     2 |       ||     2
       Trog's Hand       |       |     1 ||     1
 Abil: Heal Wounds       |     2 |     1 ||     3
  Use: Scroll            |     1 |       ||     1
  Eat: Chunk             |    12 |     2 ||    14
Armor: Animal skin       |    16 |       ||    16
Dodge: Dodged            |    43 |    19 ||    62
